TOP OF THE 1ST |
St. Louis Browns batting - Pitching for Hendersonville Hitmen : LHP Simon Martel
|
Pitching: LHP Simon Martel
|
|
Batting: LHB Mike Hill
|
0-0: Ball 1-0: Ball 2-0: Ball 3-0: SINGLE (Groundball, 34D)
|
Batting: RHB Mario Rosales
|
0-0: Fly out, F7 (Line Drive, 7D)
|
Batting: RHB Will Brown
|
0-0: Called Strike 0-1: Foul Ball, location: 2F 0-2: Strikes out swinging
|
Batting: RHB R.J. Parker
|
0-0: Called Strike 0-1: Ball 1-1: Foul Ball, location: 2F 1-2: Fly out, F7 (Flyball, 78D)
|
Top of the 1st over - 0 run(s), 1 hit(s), 0 error(s), 1 left on base; St. Louis 0 - Hendersonville 0 |
BOTTOM OF THE 1ST |
Hendersonville Hitmen batting - Pitching for St. Louis Browns : LHP Bernardo Miranda
|
Pitching: LHP Bernardo Miranda
|
|
Batting: RHB Carlos García
|
0-0: Swinging Strike 0-1: Ball 1-1: Ball 2-1: Called Strike 2-2: DOUBLE (Flyball, 78XD)
|
Batting: RHB Rafael González
|
0-0: Ball 1-0: Ball 2-0: Swinging Strike 2-1: DOUBLE (Flyball, 7D) Carlos García scores
|
Batting: RHB Manolo Román
|
0-0: Ball 1-0: Swinging Strike 1-1: Foul Ball, location: 2F 1-2: Ball 2-2: SINGLE (Line Drive, 6M) Rafael González to third
|
Batting: LHB Lorenzo Villa
|
0-0: Ball 1-0: Ball 2-0: Ball 3-0: SINGLE (Line Drive, 4M) Rafael González scores Manolo Román to second Runner from 2nd tries for 3rd, SAFE, throw made to third
|
Batting: LHB Terry White
|
0-0: Swinging Strike 0-1: Ball 1-1: Foul Ball, location: 2F 1-2: Strikes out looking
|
Batting: RHB Eduardo García
|
0-0: Called Strike 0-1: Ball 1-1: Ball 2-1: Fly out, F9 (Flyball, 89D) Runner from 3rd tags up, SCORES, no throw
|
Batting: RHB Junior Vargas
|
0-0: Ball 1-0: Ball 2-0: Called Strike 2-1: Fielders Choice at 2nd, U4 (Groundball, 4M)
|
Bottom of the 1st over - 3 run(s), 4 hit(s), 0 error(s), 1 left on base; St. Louis 0 - Hendersonville 3 |
TOP OF THE 2ND |
St. Louis Browns batting - Pitching for Hendersonville Hitmen : LHP Simon Martel
|
Batting: RHB Wilson Martínez
|
0-0: Ground out 4-3 (Groundball, 4)
|
Batting: RHB George Howard
|
0-0: Ball 1-0: Fly out, F7 (Flyball, 78M)
|
Batting: LHB Héctor Núñez
|
0-0: Foul Ball, location: 2F 0-1: Fly out, F6 (Line Drive, 6D)
|
Top of the 2nd over - 0 run(s), 0 hit(s), 0 error(s), 0 left on base; St. Louis 0 - Hendersonville 3 |
BOTTOM OF THE 2ND |
Hendersonville Hitmen batting - Pitching for St. Louis Browns : LHP Bernardo Miranda
|
Batting: RHB Taylor McFarland
|
0-0: Ball 1-0: Foul Ball, location: 2F 1-1: Foul Ball, location: 2F 1-2: Foul Ball, location: 2F 1-2: Fly out, F8 (Flyball, 8RD)
|
Batting: RHB Robert Bly
|
0-0: Ball 1-0: Swinging Strike 1-1: Ground out 5-3 (Groundball, 56)
|
Batting: RHB Carlos García
|
0-0: Ball 1-0: Called Strike 1-1: Ground out 5-3 (Groundball, 56)
|
Bottom of the 2nd over - 0 run(s), 0 hit(s), 0 error(s), 0 left on base; St. Louis 0 - Hendersonville 3 |
TOP OF THE 3RD |
St. Louis Browns batting - Pitching for Hendersonville Hitmen : LHP Simon Martel
|
Batting: LHB Mario García
|
0-0: Called Strike 0-1: Swinging Strike 0-2: Foul Ball, location: 2F 0-2: Ground out 4-3 (Groundball, 34)
|
Batting: RHB Brian Cash
|
0-0: Foul Ball, location: 2F 0-1: DOUBLE (Line Drive, 89D)
|
Batting: LHB Mike Hill
|
0-0: Foul Ball, location: 2F 0-1: Ball 1-1: Swinging Strike 1-2: TRIPLE (Flyball, 89XD) Brian Cash scores
|
Batting: RHB Mario Rosales
|
0-0: Fly out, F7 (Flyball, 7D) Runner from 3rd tags up, SCORES, no throw
|
Batting: RHB Will Brown
|
0-0: Called Strike 0-1: Ball 1-1: Called Strike 1-2: Ball 2-2: Ball 3-2: Foul Ball, location: 2F 3-2: Strikes out looking
|
Top of the 3rd over - 2 run(s), 2 hit(s), 0 error(s), 0 left on base; St. Louis 2 - Hendersonville 3 |
BOTTOM OF THE 3RD |
Hendersonville Hitmen batting - Pitching for St. Louis Browns : LHP Bernardo Miranda
|
Batting: RHB Rafael González
|
0-0: Called Strike 0-1: Foul Ball, location: 2F 0-2: Ball 1-2: Ball 2-2: Ground out 6-3 (Groundball, 6)
|
Batting: RHB Manolo Román
|
0-0: Ball 1-0: Foul Ball, location: 2F 1-1: Ball 2-1: Swinging Strike 2-2: Ground out 5-3 (Groundball, 56)
|
Batting: LHB Lorenzo Villa
|
0-0: Swinging Strike 0-1: Foul Ball, location: 2F 0-2: Ball 1-2: Ground out 4-3 (Groundball, 4)
|
Bottom of the 3rd over - 0 run(s), 0 hit(s), 0 error(s), 0 left on base; St. Louis 2 - Hendersonville 3 |
TOP OF THE 4TH |
St. Louis Browns batting - Pitching for Hendersonville Hitmen : LHP Simon Martel
|
Batting: RHB R.J. Parker
|
0-0: SINGLE (Line Drive, 4MD)
|
Batting: RHB Wilson Martínez
|
0-0: SINGLE (Line Drive, 56D) R.J. Parker to second
|
Batting: RHB George Howard
|
0-0: Ball 1-0: Foul Ball, location: 2F 1-1: Ball 2-1: Ground out 5-3 (Groundball, 56S) R.J. Parker to third Wilson Martínez to second
|
Batting: LHB Héctor Núñez
|
0-0: Foul Ball, location: 2F 0-1: Foul Ball, location: 2F 0-2: Ball 1-2: 3-RUN HOME RUN (Flyball, 8LD), Distance : 458 ft
|
Batting: LHB Mario García
|
0-0: Called Strike 0-1: Ball 1-1: Ball 2-1: Foul Ball, location: 2F 2-2: Ground out U3 (Groundball, 3L)
|
Batting: RHB Brian Cash
|
0-0: Called Strike 0-1: Ball 1-1: Foul Ball, location: 2F 1-2: SINGLE (Line Drive, 4D)
|
Batting: LHB Mike Hill
|
0-0: Foul Ball, location: 2F 0-1: Called Strike 0-2: Ball 1-2: Ball 2-2: Ball 3-2: Ground out 6-3 (Groundball, 6M)
|
Top of the 4th over - 3 run(s), 4 hit(s), 0 error(s), 1 left on base; St. Louis 5 - Hendersonville 3 |
BOTTOM OF THE 4TH |
Hendersonville Hitmen batting - Pitching for St. Louis Browns : LHP Bernardo Miranda
|
Batting: LHB Terry White
|
0-0: Called Strike 0-1: Called Strike 0-2: Ball 1-2: Ball 2-2: Strikes out looking
|
Batting: RHB Eduardo García
|
0-0: Swinging Strike 0-1: DOUBLE (Line Drive, 89D)
|
Batting: RHB Junior Vargas
|
0-0: SINGLE (Groundball, 5L) Eduardo García to third
|
Batting: RHB Taylor McFarland
|
0-0: Called Strike 0-1: Ball 1-1: Called Strike 1-2: Foul Ball, location: 2F 1-2: Strikes out swinging
|
Batting: RHB Robert Bly
|
0-0: Ball 1-0: Ball 2-0: Ball 3-0: Foul Ball, location: 2F Pickoff Throw to First - Error! E1 Eduardo García scores Junior Vargas to second 3-1: Foul Ball, location: 2F 3-2: Foul Ball, location: 2F 3-2: Foul Ball, location: 2F 3-2: Strikes out swinging
|
Bottom of the 4th over - 1 run(s), 2 hit(s), 1 error(s), 1 left on base; St. Louis 5 - Hendersonville 4 |
TOP OF THE 5TH |
St. Louis Browns batting - Pitching for Hendersonville Hitmen : LHP Simon Martel
|
Batting: RHB Mario Rosales
|
0-0: Ball 1-0: SINGLE (Flyball, 78S)
|
Batting: RHB Will Brown
|
0-0: Called Strike 0-1: Foul Ball, location: 2F 0-2: Ball 1-2: Ball 2-2: Strikes out swinging
|
Batting: RHB R.J. Parker
|
0-0: Ball 1-0: Fly out, F9 (Flyball, 9D)
|
Batting: RHB Wilson Martínez
|
0-0: Ball 1-0: SINGLE (Line Drive, 89S) Mario Rosales to second
|
Batting: RHB George Howard
|
0-0: TRIPLE (Line Drive, 9LM) Mario Rosales scores Wilson Martínez scores
|
Pitching: LHP Alfonso Ramos
|
|
Batting: LHB Héctor Núñez
|
0-0: Foul Ball, location: 2F 0-1: Foul Ball, location: 2F 0-2: Ball 1-2: Strikes out swinging
|
Top of the 5th over - 2 run(s), 3 hit(s), 0 error(s), 1 left on base; St. Louis 7 - Hendersonville 4 |
BOTTOM OF THE 5TH |
Hendersonville Hitmen batting - Pitching for St. Louis Browns : LHP Bernardo Miranda
|
Batting: RHB Carlos García
|
0-0: Called Strike 0-1: Called Strike 0-2: Ball 1-2: Fly out, F8 (Flyball, 8RM)
|
Batting: RHB Rafael González
|
0-0: Ball 1-0: Ball 2-0: Ground out 4-3 (Groundball, 4)
|
Batting: RHB Manolo Román
|
0-0: Ball 1-0: Fly out, F7 (Flyball, 7S)
|
Bottom of the 5th over - 0 run(s), 0 hit(s), 0 error(s), 0 left on base; St. Louis 7 - Hendersonville 4 |
TOP OF THE 6TH |
St. Louis Browns batting - Pitching for Hendersonville Hitmen : LHP Alfonso Ramos
|
Batting: LHB Mario García
|
0-0: Ball 1-0: Ball 2-0: Called Strike 2-1: Swinging Strike 2-2: SINGLE (Groundball, 56D)
|
Batting: RHB Brian Cash
|
0-0: Ball 1-0: Swinging Strike 1-1: Called Strike 1-2: Ball 2-2: Ball 3-2: Base on Balls Mario García to second
|
Batting: LHB Mike Hill
|
0-0: Called Strike 0-1: Called Strike 0-2: Ball 1-2: Foul Ball, location: 2F 1-2: Strikes out looking
|
Batting: RHB Mario Rosales
|
0-0: Ball 1-0: Ball 2-0: Foul Ball, location: 2F 2-1: Called Strike 2-2: SINGLE (Line Drive, 8LS) Mario García to third Brian Cash to second
|
Pitching: RHP Jorge Pérez
|
|
Batting: RHB Will Brown
|
0-0: Ball 1-0: Called Strike 1-1: Foul Ball, location: 2F 1-2: Ball 2-2: Strikes out swinging
|
Batting: RHB R.J. Parker
|
0-0: Called Strike 0-1: Foul Ball, location: 2F 0-2: Ball 1-2: Strikes out swinging
|
Top of the 6th over - 0 run(s), 2 hit(s), 0 error(s), 3 left on base; St. Louis 7 - Hendersonville 4 |
BOTTOM OF THE 6TH |
Hendersonville Hitmen batting - Pitching for St. Louis Browns : LHP Bernardo Miranda
|
Batting: LHB Lorenzo Villa
|
0-0: Ball 1-0: Called Strike 1-1: Ground out 4-3 (Groundball, 4)
|
Batting: LHB Terry White
|
0-0: Called Strike 0-1: Ball 1-1: Fly out, F5 (Popup, 5DF)
|
Batting: RHB Eduardo García
|
0-0: Foul Ball, location: 2F 0-1: Foul Ball, location: 2F 0-2: Foul Ball, location: 2F 0-2: Ground out 4-3 (Groundball, 4)
|
Bottom of the 6th over - 0 run(s), 0 hit(s), 0 error(s), 0 left on base; St. Louis 7 - Hendersonville 4 |
TOP OF THE 7TH |
St. Louis Browns batting - Pitching for Hendersonville Hitmen : RHP Jorge Pérez
|
Batting: RHB Wilson Martínez
|
0-0: Called Strike 0-1: Called Strike 0-2: Ball 1-2: Foul Ball, location: 2F 1-2: DOUBLE (Flyball, 8RXD)
|
Batting: RHB George Howard
|
0-0: Ball 1-0: Ball 2-0: Swinging Strike 2-1: Foul Ball, location: 2F 2-2: Ground out 5-3 (Groundball, 56S) Wilson Martínez to third
|
Batting: LHB Héctor Núñez
|
0-0: Ball 1-0: Called Strike 1-1: 2-RUN HOME RUN (Flyball, 8LXD), Distance : 462 ft
|
Batting: LHB Mario García
|
0-0: Ball 1-0: Foul Ball, location: 2F 1-1: Called Strike 1-2: Ball 2-2: Ball 3-2: Base on Balls
|
Batting: RHB Brian Cash
|
0-0: Ground out 5-3 (Groundball, 56S) Mario García to second
|
Batting: LHB Mike Hill
|
0-0: Called Strike 0-1: Ball 1-1: Foul Ball, location: 2F 1-2: SINGLE (Groundball, 4MD) (infield hit) Mario García to third
|
Batting: RHB Mario Rosales
|
0-0: Fly out, F9 (Line Drive, 9M)
|
Top of the 7th over - 2 run(s), 3 hit(s), 0 error(s), 2 left on base; St. Louis 9 - Hendersonville 4 |
BOTTOM OF THE 7TH |
Hendersonville Hitmen batting - Pitching for St. Louis Browns : LHP Bernardo Miranda
|
Pitching: RHP Ramón Silva
|
|
Batting: RHB Junior Vargas
|
0-0: DOUBLE (Line Drive, 89D)
|
Batting: RHB Taylor McFarland
|
0-0: Ball 1-0: Called Strike 1-1: Foul Ball, location: 2F 1-2: Strikes out looking
|
Batting: RHB Robert Bly
|
0-0: Swinging Strike 0-1: Ball 1-1: Called Strike 1-2: Hit by Pitch
|
Batting: RHB Carlos García
|
0-0: Ball 1-0: Foul Ball, location: 2F 1-1: Ball 2-1: Fielders Choice at 3rd, U5 (Groundball, 5L) Robert Bly to second
|
Batting: RHB Rafael González
|
0-0: Foul Ball, location: 2F 0-1: Foul Ball, location: 2F 0-2: Ball 1-2: Foul Ball, location: 2F 1-2: Ground out 4-3 (Groundball, 4)
|
Bottom of the 7th over - 0 run(s), 1 hit(s), 0 error(s), 2 left on base; St. Louis 9 - Hendersonville 4 |
TOP OF THE 8TH |
St. Louis Browns batting - Pitching for Hendersonville Hitmen : RHP Jorge Pérez
|
Batting: RHB Will Brown
|
0-0: Called Strike 0-1: Foul Ball, location: 2F 0-2: Foul Ball, location: 2F 0-2: Ball 1-2: Ground out 5-3 (Groundball, 56S)
|
Pitching: LHP Felipe Ramos
|
|
Batting: RHB R.J. Parker
|
0-0: Ball 1-0: Foul Ball, location: 2F 1-1: Ball 2-1: Ground out 5-3 (Groundball, 5)
|
Batting: RHB Wilson Martínez
|
0-0: Ball 1-0: Ball 2-0: Fly out, F5 (Popup, 7LSF)
|
Top of the 8th over - 0 run(s), 0 hit(s), 0 error(s), 0 left on base; St. Louis 9 - Hendersonville 4 |
BOTTOM OF THE 8TH |
Hendersonville Hitmen batting - Pitching for St. Louis Browns : RHP Ramón Silva
|
Now at C: Jorge Torres
|
|
Batting: RHB Manolo Román
|
0-0: Called Strike 0-1: Called Strike 0-2: Ground out 1-3 (Groundball, 13)
|
Batting: LHB Lorenzo Villa
|
0-0: Ball 1-0: Called Strike 1-1: Swinging Strike 1-2: Strikes out swinging
|
Batting: LHB Terry White
|
0-0: Ball 1-0: Ball 2-0: Called Strike 2-1: Swinging Strike 2-2: Foul Ball, location: 2F 2-2: Strikes out looking
|
Bottom of the 8th over - 0 run(s), 0 hit(s), 0 error(s), 0 left on base; St. Louis 9 - Hendersonville 4 |
TOP OF THE 9TH |
St. Louis Browns batting - Pitching for Hendersonville Hitmen : LHP Felipe Ramos
|
Batting: RHB George Howard
|
0-0: Ball 1-0: Called Strike 1-1: Foul Ball, location: 2F 1-2: Foul Ball, location: 2F 1-2: Strikes out swinging
|
Batting: LHB Héctor Núñez
|
0-0: Foul Ball, location: 2F 0-1: Ground out 1-3 (Groundball, 15S)
|
Batting: LHB Mario García
|
0-0: Ball 1-0: SINGLE (Line Drive, 78S)
|
Batting: RHB Brian Cash
|
0-0: Swinging Strike 0-1: Swinging Strike 0-2: Strikes out looking
|
Top of the 9th over - 0 run(s), 1 hit(s), 0 error(s), 1 left on base; St. Louis 9 - Hendersonville 4 |
BOTTOM OF THE 9TH |
Hendersonville Hitmen batting - Pitching for St. Louis Browns : RHP Ramón Silva
|
Now at SS: Tommy Evans
|
|
Batting: RHB Eduardo García
|
0-0: Foul Ball, location: 2F 0-1: Swinging Strike 0-2: Ball 1-2: Ball 2-2: Ball 3-2: Foul Ball, location: 2F 3-2: Strikes out swinging
|
Batting: RHB Junior Vargas
|
0-0: Called Strike 0-1: Ball 1-1: Fly out, F9 (Flyball, 89M)
|
Pitching: RHP John Allan
|
|
Batting: RHB Taylor McFarland
|
0-0: Ball 1-0: Ball 2-0: Ball 3-0: Called Strike 3-1: Base on Balls
|
Batting: RHB Robert Bly
|
0-0: Ball 1-0: Ground out 5-3 (Groundball, 5S)
|
Bottom of the 9th over - 0 run(s), 0 hit(s), 0 error(s), 1 left on base; St. Louis 9 - Hendersonville 4 |
|